 Dungeon Crawl Stone Soup version 0.23-a0-171-g5ae17c6 (webtiles) character file.

590 CozyGlow the Covert (level 7, 33/33 HPs)
             Began as a Spriggan Enchanter on Sept 13, 2018.
             Was an Initiate of Gozag.
             Got out of the dungeon alive.
             The game lasted 01:04:25 (7590 turns).

CozyGlow the Covert (Spriggan Enchanter)            Turns: 7590, Time: 01:04:26

Health: 33/33      AC:  4    Str:  4    XL:     7   Next: 15%
Magic:  8/13       EV: 22    Int: 16    God:    Gozag
Gold:   476        SH:  0    Dex: 19    Spells: 2/13 levels left

rFire    . . .     SeeInvis +   j - +1 dagger
rCold    . . .     Gourm    .   (shield restricted)
rNeg     . . .     Faith    .   b - +1 robe
rPois    .         Spirit   .   y - +0 hat
rElec    .         Reflect  .   v - +0 cloak
rCorr    .         Harm     .   (gloves unavailable)
MR       +....                  (boots unavailable)
Stlth    ++++......             (no amulet)
HPRegen  0.11/turn              (no ring)
MPRegen  0.13/turn              (no ring)

@: very slightly contaminated, very quick
A: very small, unfitting armour, see invisible, herbivore, speed 3, slow
metabolism 2
a: Potion Petition, Call Merchant, Bribe Branch, Renounce Religion


You escaped.
You worshipped Gozag.
Gozag was aware of your devotion.
You were not hungry.

You visited 1 branch of the dungeon, and saw 5 of its levels.

You collected 485 gold pieces.
You paid 9 gold pieces to Gozag.

Inventory:

Hand Weapons
 a - a +1 dagger
 j - a +1 dagger (weapon)
 n - a +0 dagger
 s - a +2 long sword of slicing
Missiles
 u - 37 stones (quivered)
Armour
 b - a +1 robe (worn)
 i - a +0 centaur barding
 o - a +0 buckler
 p - a +1 helmet
 v - a +0 cloak (worn)
 y - a +0 hat (worn)
 B - a +0 buckler
Jewellery
 h - an uncursed amulet of the acrobat {unknown}
Scrolls
 f - a scroll of enchant armour
 k - a scroll of fog {unknown}
 m - 3 scrolls of identify
 r - 3 scrolls of teleportation
 x - a scroll of immolation
 z - 2 scrolls of remove curse
Potions
 c - a potion of curing
 e - 2 potions of degeneration
 g - a potion of haste
 l - a potion of agility
 q - a potion of invisibility
 t - a potion of cancellation
 w - a potion of resistance {unknown}
Comestibles
 d - 6 rations


   Skills:
 + Level 1.4 Fighting
 + Level 3.6 Short Blades
 + Level 5.6 Dodging
 * Level 8.7 Stealth
 - Level 3.7 Spellcasting
 - Level 4.4 Hexes


You had 2 spell levels left.
You knew the following spells:

 Your Spells              Type           Power        Failure   Level  Hunger
a - Confuse               Hex            ###.....     9%          3    ###....
b - Ensorcelled Hibernat  Hex/Ice        ##....       11%         2    ##.....
c - Dazzling Spray        Conj/Hex       ##....       22%         3    ###....
d - Tukima's Dance        Hex            ###.....     9%          3    ###....

Your spell library contained the following spells:

 Spells                   Type           Power        Failure   Level  Hunger
 Corona                   Hex            ###....      2%          1    None


Dungeon Overview and Level Annotations

Branches:
Dungeon (5/15)             Temple (0/1) D:4

Altars:
Gozag
Xom
Yredelemnul
The Shining One

Shops:
D:2 *   D:4 ?

Annotations:
D:3 swinepaste's ghost, amateur DsAK


Innate Abilities, Weirdness & Mutations

You are very small and have problems with some larger weapons.
You are too small for most types of armour.
You have supernaturally acute eyesight. (SInv)
You are a herbivore.
You cover ground extremely quickly.
You need to consume almost no food.


Message History

You climb downwards.
There is a stone staircase leading up here.
You climb upwards.
There is a stone staircase leading down here.
There is an open door here.
There is an open door here.
There is a staircase leading out of the dungeon here.
Are you sure you want to leave the Dungeon?
This will make you lose the game!
Uppercase [Y]es or [N]o only, please.
Are you sure you want to leave the Dungeon?
This will make you lose the game!
Alright, then stay!
Unknown command.
You can't go up here!
You can't go down here!
Unknown command.
You can't go up here!
You can't go down here!
There is a staircase leading out of the dungeon here.
Are you sure you want to leave the Dungeon?
This will make you lose the game!
You have escaped!

#.# #.# ######.###### #####
#.######.####............ ....#
#.#......>....#####.####.
###.#####...###....#.## #.##...
..#.##.....## #......# #.##.#.
#.#.##.....# #####.## #.##.#.
#..........########## #......
(...##.....##.......## ####.##
#.....######....@....#######.....
#.#####...................##.....
#.# #...⌠....##'##....⌠...#.....
..# #........#...#........#.##..
..# #........#8.8#........#.##..
..# ###########'###########.....
..# ####...##...........#...###.
..# #.......###.#...#.####### #.
### #.##>##.# #.#>..#.# #.


There were no monsters in sight!

Vanquished Creatures
  A phantom (D:4)
  A scorpion (D:4)
  A hound (D:4)
  4 orc wizards
  A jelly (D:5)
  An iguana (D:4)
  3 worker ants (D:4)
  4 gnolls
  6 adders
  An ooze (D:1)
  A worm (D:2)
  2 dart slugs (D:1)
  5 leopard geckos
  11 orcs
  2 ball pythons
  4 giant cockroaches
  7 goblins
  7 hobgoblins
  2 jackals (D:1)
  3 quokkas
  7 bats
  5 frilled lizards
  2 gnoll zombies (D:3)
  A jackal zombie (D:5)
  8 kobolds
  7 rats
97 creatures vanquished.

Vanquished Creatures (others)
  A dancing weapon (D:5)
1 creature vanquished.

Grand Total: 98 creatures vanquished

Notes
Turn   | Place    | Note
-------+----------+-------------------------------------------
     0 | D:1      | CozyGlow the Spriggan Enchanter began the quest for the
                  | Orb.
     0 | D:1      | Reached XP level 1. HP: 9/9 MP: 5/5
   369 | D:1      | Reached XP level 2. HP: 5/13 MP: 6/6
   913 | D:1      | Reached skill level 5 in Stealth
  1253 | D:1      | Reached XP level 3. HP: 12/16 MP: 8/8
  1258 | D:1      | Learned a level 3 spell: Confuse
  1730 | D:2      | Found Gozag's Platinum Reserve.
  2083 | D:2      | Found an opulent altar of Gozag.
  2229 | D:2      | Reached skill level 6 in Stealth
  2229 | D:2      | Reached XP level 4. HP: 19/21 MP: 9/9
  2270 | D:2      | Became a worshipper of Gozag Ym Sagoz the Greedy
  2866 | D:2      | Learned a level 2 spell: Ensorcelled Hibernation
  3508 | D:3      | Learned a level 3 spell: Dazzling Spray
  3771 | D:3      | Found a basalt altar of Yredelemnul.
  3933 | D:3      | Found a runed door.
  3935 | D:3      | Noticed swinepaste's ghost (amateur DsAK)
  4552 | D:3      | Found a glowing golden altar of the Shining One.
  4556 | D:3      | Found a shimmering altar of Xom.
  4758 | D:4      | Reached XP level 5. HP: 24/24 MP: 10/10
  4842 | D:4      | Reached skill level 7 in Stealth
  4936 | D:4      | Found a staircase to the Ecumenical Temple.
  5035 | D:4      | Reached XP level 6. HP: 28/28 MP: 7/12
  5174 | D:4      | Reached skill level 5 in Dodging
  5246 | D:4      | Reached skill level 8 in Stealth
  5257 | D:4      | Reached skill level 1 in Fighting
  5378 | D:4      | Found Luvvul's Magic Scroll Boutique.
  5596 | D:5      | Entered Level 5 of the Dungeon
  5802 | D:4      | Reached XP level 7. HP: 33/33 MP: 6/13
  6924 | D:5      | Learned a level 3 spell: Tukima's Dance
  7590 | D:$      | Got out of the dungeon alive.

Vault maps used:
D:1:      giann_wishing_wells, serial_glass, glass_columns_a, glass_columns_b
D:2:      nicolae_gozag_zags_fifth_avenue
D:3:      lemuel_zombie_altar_yredelemnul, minitemple,
          hellmonk_ghost_happy_afterlife
D:4:      minmay_temple_entry_statues_fountains, serial_shops, kennysheep_mini,
          minmay_misc_feat_tower
D:5:      lemuel_coloured_pillars_altar, first_ration, minivault_19

Skill      XL: |  1  2  3  4  5  6 |
---------------+-------------------+-----
Stealth        | 5 6 7 8 |  8.7
Short Blades   | 2 3 |  3.6
Dodging        | 4 5 |  5.6
Spellcasting   | 3 |  3.7
Hexes          | 4 |  4.4
Fighting       | 1 |  1.4

Action                   |  1- 3 |  4- 6 |  7- 9 || total
-------------------------+-------+-------+-------++-------
Melee: Dagger            |   156 |   242 |    85 ||   483
Throw: Stone             |       |       |     4 ||     4
 Cast: Corona            |     8 |     4 |     3 ||    15
       Confuse           |     8 |    17 |     4 ||    29
       Dazzling Spray    |       |     9 |     5 ||    14
       Ensorcelled Hiber |       |    13 |    27 ||    40
       Tukima's Dance    |       |       |     2 ||     2
  Use: Scroll            |     6 |     1 |     7 ||    14
       Potion            |       |     1 |       ||     1
 Stab: Sleeping          |    13 |    24 |     5 ||    42
       Confused          |     1 |     6 |       ||     7
       Distracted        |     1 |     1 |       ||     2
       Invisible         |       |     2 |     1 ||     3
  Eat: Ration            |       |     5 |     3 ||     8
Armor: Robe              |    10 |    30 |    12 ||    52
Dodge: Dodged            |   103 |   219 |    89 ||   411

Table legend:
 A = Non-vault XP
 B = Vault XP
 C = Vault XP percentage of total XP
 D = Non-vault monster count
 E = Vault monster count
 F = Vault count percentage of total count
                 A         B        C        D         E       F
            +---------+---------+-------+---------+---------+-------
      Total |     840 |       3 |   0.4 |      95 |       2 |   2.1
            +---------+---------+-------+---------+---------+-------
        D:1 |      51 |       0 |   0.0 |      17 |       0 |   0.0
        D:2 |      78 |       0 |   0.0 |      25 |       0 |   0.0
        D:3 |      32 |       3 |   8.6 |      20 |       2 |   9.1
        D:4 |     539 |       0 |   0.0 |      20 |       0 |   0.0
        D:5 |     140 |       0 |   0.0 |      13 |       0 |   0.0
            +---------+---------+-------+---------+---------+-------
